 Dungeon Sprint DCSS version 0.30-a0-881-g1ff12e1e11 (webtiles) character file.

Game seed: 16652086986929862207

102 testman the Trooper (level 4, -8/47 HPs)
             Began as an Armataur Fighter on Mar 14, 2023.
             Killed from afar by Sigmund (12 damage)
             ... with a puff of flame
             ... in the Dungeon (Sprint I: "Red Sonja").
             The game lasted 00:00:52 (169 turns).

testman the Trooper (Armataur Fighter)               Turns: 169, Time: 00:00:52

Health: -8/47      AC:  6    Str: 24    XL:     4   Next: 50%
Magic:  4/4        EV:  7    Int:  8    God:
Gold:   54         SH:  0    Dex:  9    Spells: 3/3 levels left

rFire   . . .      SeeInvis .    a - +0 flail
rCold   . . .      Faith    .    c - +0 buckler
rNeg    . . .      Spirit   .    b - +0 scale mail
rPois   .          Reflect  .    (no helmet)
rElec   .          Roll     +    (no cloak)
rCorr   .          NoTele   +    (no gloves)
Will    .....                    (no barding) Stlth
                                 (no amulet)
HPRegen 0.27/turn                (no ring)
MPRegen 0.09/turn                (no ring)

@: confused
A: large, rugged brown scales 3, deformed body, armoured tail, roll, long
tongue, awkward tongue
a: no special abilities


You were in the Dungeon.
You visited 1 branch You collected 54 gold pieces.

Inventory:

Hand Weapons
 a - a +0 flail (weapon)
Armour
 b - a +0 scale mail (worn)
 c - a +0 buckler (worn)
Wands
 i - a wand of polymorph (10)
Scrolls
 j - a scroll of blinking
Potions
 d - a potion of might
 e - a potion of curing
 f - a potion of heal wounds
 g - a potion of haste
 h - 2 potions of magic


   Skills:
 + Level 6.3 Fighting
 + Level 5.8 Maces & Flails
 - Level 3.6 Armour
 - Level 4.0 Shields


You had 3 spell levels left.
You didn't know any spells.
Your spell library was empty.

Dungeon Overview and Level Annotations

Branches:
Dungeon (1/1)

Altars:

Annotations:
D Sigmund


Innate Abilities, Weirdness & Mutations

You are completely covered in rugged brown scales. (AC +3, +7% HP)
Armour fits poorly on your strangely shaped body.
You have a long armoured tail.
You roll when moving toward enemies. (Rampage)
Your long tongue fully drains potion bottles. (2x potion effects)
Your tongue gives you trouble enunciating. (1.5x scroll delay)


Message History

You hit Sigmund.
Sigmund is severely wounded.
You closely miss Sigmund.
Sigmund is severely wounded.
Sigmund gestures at you while chanting.
You are confused.
You hit Sigmund but do no damage.
Sigmund is severely wounded.
Sigmund hits you with a +1 scythe of protection.
You closely miss Sigmund.
Sigmund is severely wounded.
Sigmund hits you with a +1 scythe of protection.
You closely miss Sigmund. You tail-slap Sigmund.
Sigmund is severely wounded.
Sigmund casts a spell.
Sigmund flickers and vanishes!
Deactivating autopickup; reactivate with Ctrl-A.
You miss something. Something hits you!
You're too confused to move!
You feel less confused. Something hits you.
You barely miss something. You tail-slap something. You barely miss something.
Your tail-slap misses something.
Something hits you.
You hit something but do no damage. Something hits you.
You closely miss something. Something hits you!
You closely miss something. You closely miss something. Something hits you!
* * * LOW HITPOINT WARNING * * *
You hit something but do no damage.
Your tail-slap misses something.
Something hits you!
* * * LOW HITPOINT WARNING * * *
You barely miss something.
You hear some strange, mumbled words.
You are confused.
You bump into the rock wall.
Something completely misses you.
There is an open door here.
You hear some strange, mumbled words.
A puff of flame appears from out of thin air!
The puff of flame hits you!
You die...

#############
#<.#..').#..+
#..)..#..@{.#
#..#####'####
#..# #..#
#..# ####
#..# #⌠⌠#
####


There were no monsters in sight!

Vanquished Creatures
  An ogre (D)
  Ijyb (D)
2 creatures vanquished.

Notes
Turn   | Place    | Note
-------+----------+-------------------------------------------
     0 | D        | testman the Armataur Fighter began the quest for the Orb.
     0 | D        | Reached XP level 1. HP: 19/19 MP: 1/1
     1 | D        | Noticed Ijyb
     8 | D        | Killed Ijyb
     9 | D        | Reached skill level 4 in Fighting
     9 | D        | Reached XP level 2. HP: 29/29 MP: 2/2
    13 | D        | Noticed an ogre
    21 | D        | Killed an ogre
    22 | D        | Reached skill level 6 in Fighting
    22 | D        | Reached skill level 5 in Maces & Flails
    22 | D        | Reached XP level 3. HP: 10/39 MP: 3/3
    22 | D        | Reached XP level 4. HP: 12/47 MP: 4/4
   145 | D        | Noticed Sigmund
   169 | D        | Killed from afar by Sigmund

Illustrated notes

Levels and vault maps discovered:
D:        dungeon_sprint_1 [red_sonja_temple_1, red_sonja_temple_small_1]

Skill      XL: |  1  2 |
---------------+-------+-----
Fighting       | 4 6 |  6.3
Maces & Flails | 3 5 |  5.8
Shields        | 4 |  4.0
Armour         | |  3.6

Action                     |  1- 3 |  4- 6 || total
---------------------------+-------+-------++-------
  Melee: Flail             |     4 |    20 ||    24
         Unarmed           |     9 |       ||     9
         Tailslap          |     1 |     2 ||     3
    Use: Potion            |     1 |       ||     1
 Armour: Scale mail        |       |     2 ||     2
  Dodge: Dodged            |     4 |     1 ||     5
  Block: Buckler           |       |     2 ||     2

Table legend: (Time is in decaauts)
 A = Elapsed time spent in this place.
 B = Non-inter-level travel time spent in this place.
 C = Inter-level travel time spent in this place.
 D = Time resting spent in this place.
 E = Time spent auto-exploring this place.
 F = Levels seen in this place.
 G = Mean time per level.
                   A        B        C        D        E       F      G
               +--------+--------+--------+--------+--------+-----+--------+
         Total |    183 |    183 |      0 |    126 |      0 |   1 |  183.0 |
       Dungeon |    183 |    183 |      0 |    126 |      0 |   1 |  183.0 |
               +--------+--------+--------+--------+--------+-----+--------+

Top non-repeatable levels by time:
       D: 183 daAuts
